AoeStats
← 牛油果

Arena

509147320Analyzed
4v4 RM · 7d ago on Sep 25, 2026· 33m 42s· 8 players
Game mode
Random Map
Map size
Large (8 player)
Population
200
Speed
Normal
Resources
Standard
Victory
Conquest
Starting age
Dark Age
Ending age
Imperial Age
RankedLock teamsTeams togetherTeam positionsShared explorationLock speedFull tech treeHidden civsTurbo modeCheats
Victory
Defeat
🇭🇰 Khmer · Hong Kong SAR China
1575
+10
🇭🇰 Japanese · Hong Kong SAR China
1461
+14
🇭🇰 Celts · Hong Kong SAR China
1459
+14
🇭🇰 Franks · Hong Kong SAR China
1438
+15
🇩🇪 Cumans · Germany
1505
-16
🇺🇸 Varangians · United States
1438
-14
🇷🇺 Saxons · Russia
1389
-12
🇨🇳 Franks · China
1358
-11
boo
9:15 Feudal Age
13:36 Castle Age
11:51 Double-Bit Axe
12:15 Horse Collar
14:01 Scale Mail Armor
20:39 Squires
22:15 Arson
22:23 Gold Mining
24:45 Chain Mail Armor
26:15 Wheelbarrow
25:52 Bow Saw
27:20 Gambesons
28:23 Loom
Moonka
10:44 Feudal Age
12:02 Double-Bit Axe
12:09 Horse Collar
15:01 Castle Age
15:53 Bow Saw
15:44 Heavy Plow
18:58 Wheelbarrow
21:28 Hand Cart
22:42 Gold Mining
22:42 Stone Mining
24:22 Gold Shaft Mining
25:13 Loom
25:13 Town Watch
28:57 Imperial Age
26:31 Scale Mail Armor
26:41 Forging
28:08 Chain Mail Armor
29:31 Iron Casting
28:26 Man-at-Arms
28:51 Gambesons
29:06 Squires
28:52 Arson
30:17 Plate Mail Armor
29:19 Long Swordsman
29:51 Fletching
30:14 Two-Handed Swordsman
31:12 Champion
31:28 Shield Wall
33:14 Elite Hearth Troop
pawnsacrifice
10:49 Feudal Age
14:28 Castle Age
12:42 Double-Bit Axe
13:41 Gold Mining
14:11 Horse Collar
17:44 Capped Ram
24:33 Heavy Plow
25:34 Loom
默默发育
10:28 Feudal Age
13:59 Castle Age
11:59 Double-Bit Axe
23:17 Wheelbarrow
24:01 Forging
23:53 Scale Mail Armor
30:28 Imperial Age
28:42 Chain Mail Armor
28:57 Gold Mining
30:57 Iron Casting
30:32 Scale Barding Armor
32:53 Blast Furnace
32:15 Conscription
32:19 Hand Cart
31:38 Cavalier
32:42 Chain Barding Armor
33:19 Bow Saw
32:57 Town Watch
32:57 Loom
33:23 Husbandry
32:50 Paladin
牛油果
9:18 Feudal Age
12:18 Castle Age
10:39 Double-Bit Axe
11:04 Horse Collar
13:21 Bow Saw
18:06 Wheelbarrow
18:24 Heavy Plow
20:50 Loom
21:21 Loom
25:08 Fletching
32:00 Hand Cart
34:15 Imperial Age
31:40 Gold Mining
34:44 Imperial Age
32:34 Bloodlines
32:24 Husbandry
32:58 Husbandry
33:05 Scale Barding Armor
33:10 Forging
33:53 Gold Shaft Mining
33:38 Stone Mining
34:09 Chain Barding Armor
evi
10:50 Feudal Age
14:33 Castle Age
13:03 Horse Collar
14:00 Double-Bit Axe
15:10 Loom
16:37 Wheelbarrow
17:47 Bow Saw
23:16 Gold Mining
29:56 Imperial Age
27:30 Scale Mail Armor
29:25 Gold Shaft Mining
29:26 Ballistics
30:03 Heavy Plow
30:05 Heavy Scorpion
31:32 Hand Cart
33:05 Conscription
33:46 Furor Celtica
33:58 Scale Mail Armor
34:09 Forging
馬仔
11:45 Feudal Age
10:00 Loom
13:58 Double-Bit Axe
14:44 Stone Mining
14:39 Horse Collar
17:10 Castle Age
15:17 Arson
15:35 Scale Mail Armor
16:35 Forging
16:28 Gold Mining
18:17 Wheelbarrow
18:01 Squires
18:46 Fortified Wall
23:27 Chain Mail Armor
36:45 Imperial Age
局長
10:04 Loom
11:50 Feudal Age
16:20 Castle Age
14:28 Double-Bit Axe
15:58 Stone Mining
16:46 Wheelbarrow
16:24 Gold Mining
18:16 Fortified Wall
22:42 Town Watch
23:51 Bow Saw
28:29 Gold Shaft Mining
27:46 Treadmill Crane
33:55 Imperial Age
32:15 Scale Barding Armor
32:20 Forging
33:12 Hand Cart
33:55 Chain Barding Armor
Connection lost

Rejoining the realm…

Still unreachable

The connection could not be restored.

Session expired

The server has moved on; the page needs a fresh start.